 Dungeon Crawl Stone Soup version 0.22-a0-307-g2b15929 (webtiles) character file.

5105 4thArraOfDagon the Reanimator (level 10, 0/91 HPs)
             Began as a Demigod Necromancer on Apr 1, 2018.
             Slain by Grum
             ... wielding a -2 spear
              (14 damage)
             ... on level 9 of the Dungeon.
             The game lasted 00:21:56 (3829 turns).

4thArraOfDagon the Reanimator (Demigod Necromancer) Turns: 3829, Time: 00:21:57

Health: 0/91       AC:  5    Str: 11    XL:     10   Next: 11%
Magic:  17/26      EV: 11    Int: 25    God:
Gold:   147        SH:  0    Dex: 16    Spells: 4/15 levels left

rFire    . . .     SeeInvis .   x - +5 flail (venom)
rCold    . . .     Gourm    .   (no shield)
rNeg     . . .     Faith    .   m - +0 ring mail
rPois    .         Spirit   .   (no helmet)
rElec    .         Reflect  .   (no cloak)
rCorr    .         Harm     .   (no gloves)
MR       +....                  (no boots)
Stlth    +.........             (no amulet)
HPRegen  0.25/turn              b - ring of magical power
MPRegen  0.20/turn              y - ring of wizardry (curse)

@: lethally poisoned (0 -> -5), very slightly contaminated
A: high mp 1
a: no special abilities


You were on level 9 of the Dungeon.
You were hungry.

You visited 1 branch of the dungeon, and saw 9 of its levels.

You collected 399 gold pieces.
You spent 252 gold pieces at shops.

Inventory:

Hand Weapons
 k - a +0 quarterstaff
 o - a +2 hand axe of freezing
 x - a +5 flail of venom (weapon)
Missiles
 t - 4 exploding tomahawks (quivered)
Armour
 a - a +0 robe
 m - a +0 ring mail (worn)
 z - a +2 leather armour of cold resistance
Magical Staves
 C - an uncursed staff of energy {!a}
Jewellery
 b - a ring of magical power (left hand)
 f - an uncursed ring of flight
 n - an uncursed ring of ice
 y - a cursed ring of wizardry (right hand)
Wands
 g - a wand of enslavement (7)
 q - a wand of random effects (44)
 G - a wand of flame (20)
Scrolls
 e - a scroll of random uselessness {unknown}
 h - 3 scrolls of immolation {unknown}
 i - 5 scrolls of enchant weapon {unknown}
 u - 2 scrolls of remove curse {unknown}
 v - 2 scrolls of teleportation {unknown}
 w - a scroll of silence {unknown}
 D - 3 scrolls of identify
 F - a scroll of fog {unknown}
 H - a scroll of enchant armour {unknown}
Potions
 d - 5 potions of brilliance
 j - 8 potions of curing
 l - 2 potions of agility
 p - a potion of degeneration
 r - a potion of lignification
 s - 2 potions of flight
 A - a potion of heal wounds
 B - 2 potions of might
Comestibles
 c - 16 rations
 E - 3 chunks of flesh


   Skills:
 - Level 9.0 Fighting
 - Level 1.7 Dodging
 - Level 1.7 Stealth
 - Level 3.0 Spellcasting
 - Level 10.0 Necromancy
 * Level 4.4 Evocations


You had 4 spell levels left.
You knew the following spells:

 Your Spells              Type           Power        Failure   Level  Hunger
a - Pain                  Necr           ####         1%          1    None
b - Vampiric Draining     Necr           ######....   1%          3    ###....
c - Regeneration          Chrm/Necr      ####......   4%          3    ###....
d - Animate Dead          Necr           N/A          1%          4    ####...


Dungeon Overview and Level Annotations

Branches:
Dungeon (9/15)             Temple (0/1) D:5            Lair (0/6) D:8
    Orc: D:9-12

Shops:
D:7 !   D:8 }

Annotations:
D:9 Grum


Innate Abilities, Weirdness & Mutations

You have an increased reservoir of magic. (+10% MP)


Message History

The wolf bites you but does no damage. The wolf bites you. x2
* * * LOW HITPOINT WARNING * * *
Your orc warrior zombie hits Grum with a glaive!
Unknown command.
Unknown command.
Casting: Vampiric Draining (safe; 1% risk of failure)
Confirm with . or Enter, or press ? or * to list all spells.
Aiming: Vampiric Draining (safe; 1% risk of failure)
Press: ? - help, Shift-Dir - straight line, f/p - wolf
Aim: a wolf (almost dead)
You miscast Vampiric Draining.
You are very lightly contaminated with residual magic.
Your bones ache.
You are feeling hungry.
You feel sick. The wolf bites you!
* * * LOW HITPOINT WARNING * * *
The wolf bites you.
* * * LOW HITPOINT WARNING * * *
Grum hits you from afar with a spear!
You die...

#...............#...#.......#
#...............'...#.......#
#.......#########...######..#
#.......#................#..#
#.......#................#..#
#...#####................#..#
#...#....................#..#
#... ............######..#..#
#... #########..@#....# .#..#
## #..hh....# #..# .#
#...#gZ†.# .# #####g...# .#
..........# .# .....###.....
.# ##### #....... .# #.......
.# #.......


You could see Grum, 2 wolves, a gnoll and a friendly orc warrior zombie.

Vanquished Creatures
  Prince Ribbit (D:9)
  A hippogriff (D:6)
  Eustachio (D:6)
  4 hogs (D:7)
  A human (D:7)
  Edmund (D:6)
  2 water moccasins
  An orc warrior (D:9)
  2 ice beasts
  2 black bears (D:7)
  3 phantoms
  A sky beast (D:7)
  A necrophage (D:9)
  2 ogres
  2 centaurs
  A crocodile (D:9)
  Blork the orc (D:5)
  7 bullfrogs
  A gnoll sergeant (D:7)
  2 scorpions
  7 killer bees
  A howler monkey (D:6)
  A bullfrog zombie (D:6)
  2 centaur zombies (D:6)
  2 crimson imps
  2 jellies (D:6)
  2 orc priests
  3 hounds
  A centaur skeleton (D:7)
  Jessica (D:2)
  An iguana (D:6)
  5 orc wizards
  7 worker ants
  2 hound skeletons
  3 worker ant zombies
  9 adders
  3 gnolls (D:7)
  A shadow imp (D:7)
  2 adder zombies
  4 leopard geckos
  14 orcs
  A ball python (D:6)
  5 giant cockroaches
  A goblin (D:3)
  4 hobgoblins
  9 jackals
  4 kobolds
  4 quokkas
  4 bats (D:3)
  5 frilled lizards
  A leopard gecko skeleton (D:6)
  A quokka skeleton (D:6)
  2 rats (D:3)
151 creatures vanquished.

Vanquished Creatures (collateral kills)
  A phantom (D:9)
  An ogre (D:8)
  A bullfrog (D:8)
  4 killer bees (D:8)
  A hound (D:8)
  An orc wizard (D:8)
  3 orcs (D:8)
12 creatures vanquished.

Vanquished Creatures (others)
  2 jackals (D:3)
  A quokka (D:3)
  A rat (D:3)
4 creatures vanquished.

Grand Total: 167 creatures vanquished

Notes
Turn   | Place    | Note
-------+----------+-------------------------------------------
     0 | D:1      | 4thArraOfDagon the Demigod Necromancer began the quest for the Orb.
     0 | D:1      | Reached XP level 1. HP: 14/14 MP: 5/5
   235 | D:2      | Noticed Jessica
   237 | D:2      | Killed Jessica
   237 | D:2      | Reached skill level 4 in Necromancy
   237 | D:2      | Reached XP level 2. HP: 14/20 MP: 7/7
   255 | D:2      | Reached XP level 3. HP: 13/26 MP: 9/9
   260 | D:2      | Learned a level 3 spell: Vampiric Draining
   613 | D:3      | Reached XP level 4. HP: 16/33 MP: 9/10
   655 | D:3      | Found a white marble altar of Elyvilon.
   724 | D:4      | Noticed an ogre
   765 | D:4      | Learned a level 3 spell: Regeneration
   864 | D:4      | Reached skill level 5 in Necromancy
   951 | D:4      | Noticed an ogre
   975 | D:4      | Killed an ogre
   975 | D:4      | Reached XP level 5. HP: 34/38 MP: 0/12
   987 | D:4      | Noticed a phantom
  1023 | D:5      | Entered Level 5 of the Dungeon
  1023 | D:5      | Noticed Blork the orc
  1069 | D:5      | Found a staircase to the Ecumenical Temple.
  1110 | D:5      | Reached skill level 6 in Necromancy
  1185 | D:5      | Reached XP level 6. HP: 28/45 MP: 10/13
  1191 | D:5      | Learned a level 4 spell: Animate Dead
  1421 | D:5      | Killed Blork the orc
  1421 | D:5      | Reached skill level 7 in Necromancy
  1642 | D:6      | Found a shimmering altar of Xom.
  1704 | D:6      | Reached XP level 7. HP: 26/51 MP: 10/14
  1712 | D:6      | Reached skill level 1 in Fighting
  1836 | D:6      | Noticed Edmund
  1944 | D:6      | Killed Edmund
  1944 | D:6      | Reached skill level 8 in Necromancy
  2257 | D:6      | Reached XP level 8. HP: 41/63 MP: 15/15
  2302 | D:6      | Noticed a hippogriff
  2318 | D:6      | Reached skill level 9 in Necromancy
  2325 | D:6      | Killed a hippogriff
  2338 | D:6      | Noticed Eustachio
  2363 | D:6      | Killed Eustachio
  2529 | D:7      | Reached skill level 10 in Necromancy
  2547 | D:7      | Reached skill level 5 in Fighting
  2568 | D:7      | Found a bloodstained altar of Trog.
  2629 | D:7      | Reached XP level 9. HP: 69/75 MP: 16/16
  2870 | D:8      | Found a staircase to the Lair.
  3070 | D:7      | Found Zamnue's Distillery.
  3098 | D:7      | Bought a potion of might for 48 gold pieces
  3098 | D:7      | Bought a potion of might for 48 gold pieces
  3098 | D:7      | Bought a potion of heal wounds for 60 gold pieces
  3098 | D:7      | Bought 2 potions of brilliance for 96 gold pieces
  3291 | D:8      | Found Gegoecos's Gadget Shop.
  3383 | D:8      | Reached skill level 1 in Evocations
  3573 | D:9      | Noticed Grum
  3627 | D:9      | Noticed Prince Ribbit
  3639 | D:9      | Killed Prince Ribbit
  3639 | D:9      | Reached XP level 10. HP: 48/90 MP: 16/17
  3829 | D:9      | Slain by Grum

Vault maps used:
D:1:      minmay_arrival_semitransparent, minmay_misc_feat_tiny
D:2:      wad_pebble_path, uniq_crazy_yiuf_cottage, uniq_jessica, uniq_robin
D:3:      first_ration, elyvilon_altar_4
D:5:      minmay_temple_entry_steel_oval, uniq_blork_the_orc
D:6:      lemuel_coloured_pillars_altar, grunt_ministairs_2,
          kennysheep_generic_room_2, uniq_eustachio, uniq_edmund
D:7:      trog_ov_bears_minmay, serial_shops, nicolae_shop_waterfront,
          grunt_livestock
D:8:      lair_entry_dummy, serial_shops, nicolae_shop_statue_plus
D:9:      kennysheep_mini, grunt_temple_overflow_cloverleaf,
          uniq_prince_ribbit1, uniq_grum

Skill      XL: |  1  2  3  4  5  6  7  8  9 10 |
---------------+-------------------------------+-----
Spellcasting   | 2 3 |  3.0
Necromancy     | 4 5 6 7 8 10 | 10.0
Fighting       | 3 5 9 |  9.0
Evocations     | 3 4 |  4.4
Dodging        | |  1.7
Stealth        | |  1.7

Action                   |  1- 3 |  4- 6 |  7- 9 | 10-12 || total
-------------------------+-------+-------+-------+-------++-------
Melee: Quarterstaff      |     2 |    35 |       |       ||    37
       Hand axe          |       |    25 |    15 |       ||    40
       Flail             |       |       |   233 |    25 ||   258
 Cast: Pain              |    37 |    53 |       |       ||    90
       Vampiric Draining |     8 |    23 |    62 |     6 ||    99
       Regeneration      |       |       |    15 |     4 ||    19
       Animate Dead      |       |       |     5 |     1 ||     6
Evoke: Staff of energy   |       |       |     5 |       ||     5
  Use: Scroll            |       |     5 |     2 |       ||     7
       Potion            |       |       |     1 |     1 ||     2
 Stab: Sleeping          |       |     1 |       |       ||     1
  Eat: Chunk             |       |     5 |    15 |     2 ||    22
Armor: Robe              |     3 |       |       |       ||     3
       Ring mail         |       |    22 |   130 |     3 ||   155
       Skin              |       |       |    11 |       ||    11
Dodge: Dodged            |     9 |    53 |   209 |    18 ||   289

Table legend:
 A = Spawn XP
 B = Non-spawn XP
 C = Spawn XP percentage of total XP
 D = Spawn monster count
 E = Non-spawn monster count
 F = Spawn count percentage of total count
 G = Total turns spent on level
                    A         B        C        D         E        F      G
               +---------+---------+-------+---------+---------+-------+---------
         Total |       0 |    7294 |   0.0 |       0 |     163 |   0.0 |  3829
               +---------+---------+-------+---------+---------+-------+---------
           D:1 |       0 |       2 |   0.0 |       0 |       1 |   0.0 |   206
           D:2 |       0 |      59 |   0.0 |       0 |       6 |   0.0 |   238
           D:3 |       0 |      62 |   0.0 |       0 |      25 |   0.0 |   314
           D:4 |       0 |     226 |   0.0 |       0 |       7 |   0.0 |   303
           D:5 |       0 |     401 |   0.0 |       0 |      19 |   0.0 |   456
           D:6 |       0 |    1881 |   0.0 |       0 |      37 |   0.0 |   974
           D:7 |       0 |    2300 |   0.0 |       0 |      27 |   0.0 |   639
           D:8 |       0 |    1131 |   0.0 |       0 |      29 |   0.0 |   347
           D:9 |       0 |    1232 |   0.0 |       0 |      12 |   0.0 |   352
               +---------+---------+-------+---------+---------+-------+---------
